 Dungeon Crawl Stone Soup version 0.26.1-2-gb8aa6d0cf2 (webtiles) character file.

Game seed: 6300766164065666663

95 funkygono the Firebug (level 4, -3/30 HPs)
             Began as a Demonspawn Fire Elementalist on Feb 23, 2021.
             Slain by Sigmund
             ... wielding a +1 scythe of protection
              (10 damage)
             ... on level 4 of the Dungeon.
             The game lasted 00:08:17 (3311 turns).

funkygono the Firebug (DsFE)                        Turns: 3311, Time: 00:08:17

Health: -3/30      AC:  3    Str:  9    XL:     4   Next: 39%
Magic:  4/8        EV: 12    Int: 17    God:
Gold:   115        SH:  0    Dex: 13    Spells: 3/8 levels left

rFire    . . .     SeeInvis .   k - +0 whip
rCold    + . .     Faith    .   (no shield)
rNeg     . . .     Spirit   .   a - +1 robe
rPois    .         Reflect  .   (helmet restricted)
rElec    .         Harm     .   (no cloak)
rCorr    .         Rampage  .   (no gloves)
Will     .....                  (no boots)
Stlth    +.........             (no amulet)
HPRegen  0.10/turn              (no ring)
MPRegen  0.11/turn              (no ring)

@: confused, hasted, very quick
A: antennae 1, cold resistance 1
a: no special abilities


You were on level 4 of the Dungeon.
You visited 1 branch of the dungeon, and saw 4 of its levels.

You collected 115 gold pieces.

Inventory:

Hand Weapons
 k - a +0 whip (weapon)
Armour
 a - a +1 robe (worn)
 i - a +0 buckler
Scrolls
 g - 3 scrolls of teleportation
 n - a scroll of remove curse
Potions
 b - a potion of brilliance {unknown}
 c - 2 potions of might
 d - a potion of magic {unknown}
 e - a potion of curing
 f - 2 potions of lignification
 j - a potion of flight {unknown}
 m - a potion of haste


   Skills:
 + Level 0.3 Fighting
 + Level 2.0 Dodging
 - Level 1.7 Stealth
 * Level 2.8 Spellcasting
 * Level 1.7 Conjurations
 * Level 3.8 Fire Magic


You had 3 spell levels left.
You knew the following spells:

 Your Spells              Type           Power        Failure   Level
a - Foxfire               Conj/Fire      48%          5%          1
b - Sticky Flame          Conj/Fire      12%          50%         4

Your spell library contained the following spells:

 Spells                   Type           Power        Failure   Level
 Conjure Flame            Conj/Fire      12%          17%         3
 Inner Flame              Hex/Fire       8%           24%         3
 Fireball                 Conj/Fire      6%           83%         5


Dungeon Overview and Level Annotations

Branches:
Dungeon (4/15)
 Temple: D:4-7

Altars:
Makhleb
Vehumet

Annotations:
D:4 Sigmund


Innate Abilities, Weirdness & Mutations

You have a pair of small antennae on your head.
Your flesh is cold resistant. (rC+)


Message History

You hit something but do no damage. Something hits you.
You hear some strange, mumbled words.
You are confused.
You bump into the rock wall.
Something hits you!
There is an open door here.
Something hits you!
* * * LOW HITPOINT WARNING * * *
You feel better.
You hear the slow rusting of a drain nearby.
You hear some strange, mumbled words.
A puff of flame appears from out of thin air!
The puff of flame hits you!
* * * LOW HITPOINT WARNING * * *
There is an open door here.
You close the door.
Something unseen opens the door.
You are confused.
Something tries to affect you, but you resist.
It was a potion of haste.
You feel yourself speed up.
You're too confused to move!
Something hits you!
You die...

#.# ## #.# #. #.# #[
#####.###### #########.
#..>.......# #.........
#.###.####.###>#######.
###.##...##...##.#####
#.
..........#.#......(.#
#.
###.##..@##...##.###.#
#. # ##.########.# #.
#{# #.# .. #.# #.. ..
##'## ### ##...##
##.....## #.......#
.............#


There were no monsters in sight!

Vanquished Creatures
  4 adders
  A worm (D:3)
  2 dart slugs (D:1)
  3 leopard geckos
  An orc (D:3)
  8 bats
  3 giant cockroaches
  3 goblins
  3 hobgoblins (D:2)
  7 kobolds
  2 quokkas
  2 ball pythons
  10 frilled lizards
  3 rats
52 creatures vanquished.

Vanquished Creatures (others)
  161 foxfires
161 creatures vanquished.

Grand Total: 213 creatures vanquished

Notes
Turn   | Place    | Note
-------+----------+-------------------------------------------
     0 | D:1      | funkygono the Demonspawn Fire Elementalist began the quest
                  | for the Orb.
     0 | D:1      | Reached XP level 1. HP: 13/13 MP: 3/3
   183 | D:1      | Reached skill level 3 in Fire Magic
   183 | D:1      | Gained mutation: Your flesh is cold resistant. (rC+)
                  | [demonic ancestry]
   183 | D:1      | Reached XP level 2. HP: 7/19 MP: 0/5
  1305 | D:2      | Reached XP level 3. HP: 24/24 MP: 0/6
  1821 | D:2      | Gained mutation: You have a pair of small antennae on your
                  | head. [demonic ancestry]
  1821 | D:2      | Reached XP level 4. HP: 30/30 MP: 4/7
  2057 | D:2      | Found a burning altar of Makhleb.
  2057 | D:2      | Found a radiant altar of Vehumet.
  2717 | D:3      | Learned a level 4 spell: Sticky Flame
  3285 | D:4      | Noticed Sigmund
  3311 | D:4      | Slain by Sigmund

Illustrated notes

Levels and vault maps discovered:
D:1:      co_arrival_square_in_a_square_in_a_square, layout_basic
D:2:      layout_rooms, gammafunk_temple_overflow_statue
D:3:      layout_loops_cross
D:4:      layout_loops_corners, portal_sewer_entry_a,
          makhleb_blood_cavern_becter, uniq_menkaure, uniq_sigmund

Skill      XL: |  1  2  3 |
---------------+----------+-----
Fire Magic     | 3 |  3.8
Dodging        | 2 |  2.0
Fighting       | |  0.3
Stealth        | |  1.7
Spellcasting   | |  2.8
Conjurations   | |  1.7

Action                   |  1- 3 |  4- 6 || total
-------------------------+-------+-------++-------
Melee: Unarmed           |     7 |       ||     7
       Mace              |     3 |       ||     3
       Whip              |       |     1 ||     1
 Cast: Foxfire           |    65 |    31 ||    96
  Use: Scroll            |     3 |     7 ||    10
       Potion            |       |     2 ||     2
Armor: Robe              |     8 |       ||     8
Dodge: Dodged            |    26 |     5 ||    31
